Adelaide Pink Elephants vs Sarnia Sailors
Created - Friday, May 10, 2024 at 09:00
Goals
|
| Adelaide Pink Elephants |
0 |
1 |
3 |
4 |
| Sarnia Sailors |
0 |
2 |
7 |
9 |
|
Shots
|
| Adelaide Pink Elephants |
10 |
8 |
14 |
32 |
| Sarnia Sailors |
7 |
10 |
27 |
44 |
|
1st period
No Goal
Penalties :
Keegan Kolesar (SAR) for Slashing (Double Minor) at 16:53
2nd period
1. Adelaide Pink Elephants , Axel Jonsson-Fjallby 18 (Fredrik Olofsson 29, Tristen Robins 22) at 1:02
2. Sarnia Sailors , Cole Reinhardt 15 (Jesse Puljujarvi 36, Tristen Nielsen 62) at 3:47
3. Sarnia Sailors , Brad Lambert 8 (Dominic Toninato 22, Jamie Drysdale 82) at 4:43
Penalties :
Adam Ginning (SAR) for Hooking (Minor) at 7:59, Keegan Kolesar (SAR) for Tripping (Minor) at 17:08
3rd period
4. Sarnia Sailors , Keegan Kolesar 59 (Vasily Podkolzin 76) at 1:23
5. Sarnia Sailors , Laurent Dauphin 17 (Keegan Kolesar 61, Zach Uens 8) at 2:22 (SH)
6. Sarnia Sailors , Keegan Kolesar 60 (Jack Rathbone 45) at 4:05
7. Sarnia Sailors , Kevin Stenlund 40 (Jamie Drysdale 83, Vasily Podkolzin 77) at 13:04
8. Adelaide Pink Elephants , Axel Jonsson-Fjallby 19 (Fredrik Olofsson 30, Tristen Robins 23) at 13:34
9. Sarnia Sailors , Tristen Nielsen 31 (Jamie Drysdale 84, Vasily Podkolzin 78) at 15:20 (PP)
10. Adelaide Pink Elephants , AJ Greer 21 (Matthew Phillips 46) at 16:32 (PP)
11. Sarnia Sailors , Samuel Walker 17 (Kevin Stenlund 52, Vasily Podkolzin 79) at 17:46
12. Adelaide Pink Elephants , Cal Clutterbuck 30 (Tristen Robins 24) at 17:57
13. Sarnia Sailors , Vasily Podkolzin 47 (Keegan Kolesar 62, Jamie Drysdale 85) at 18:13
Penalties :
Jack Rathbone (SAR) for Elbowing (Minor) at 1:37, Vasily Podkolzin (SAR) for Fighting (Major) at 4:06, Nick Cicek (APE) for Fighting (Major) at 4:06, Nick Cicek (APE) for instigated a fight (Minor) at 4:06, Nick Cicek (APE) for instigated a fight (10 Minutes Misconduct) at 4:06, Cal Clutterbuck (APE) for Tripping (Minor) at 7:44, Cole Reinhardt (SAR) for Interference (Minor) at 9:44, Keegan Kolesar (SAR) for Fighting (Major) at 12:58, Ville Heinola (APE) for Fighting (Major) at 12:58, Declan Chisholm (SAR) for Fighting (Major) at 14:10, Ilya Solovyov (APE) for Fighting (Major) at 14:10, AJ Greer (APE) for Hooking (Minor) at 15:04, Zach Uens (SAR) for Fighting (Major) at 15:34, Ryan Suzuki (APE) for Fighting (Major) at 15:34, Adam Ginning (SAR) for Hooking (Minor) at 16:30, Keegan Kolesar (SAR) for Fighting (Major) at 18:20, Jacob Bernard-Docker (APE) for Fighting (Major) at 18:20
Goalie Stats
Unknown Goalie (APE), 35 saves from 44 shots - (0.795), L, 0-1-0, 60:00 minutes
Remi Poirier (SAR), 28 saves from 32 shots - (0.875), W, 36-18-3, 60:00 minutes
Players Stats for Adelaide Pink Elephants
Player Name G A P +/- PIM S H SB GA TA FO MP PP MP PK MP
------------------------------------------------------------------------------------
Adam Gaudette 0 0 0 -4 0 7 0 0 2 0 7/14 21:10 5:43 1:44
AJ Greer 1 0 1 -4 2 3 3 0 0 0 0/4 20:16 5:34 0:52
Alex Vlasic 0 0 0 0 0 0 1 0 0 0 0/0 5:42 0:00 0:00
Axel Jonsson-Fjallby 2 0 2 3 0 3 1 0 0 0 0/1 13:49 0:18 0:00
Benjamin Gleason 0 0 0 0 0 0 0 1 0 0 0/0 5:29 0:00 0:00
Cal Clutterbuck 1 0 1 -3 2 4 2 1 0 0 1/5 22:49 5:43 1:19
Caleb Jones 0 0 0 1 0 1 2 3 0 0 0/0 22:06 5:38 1:53
Denis Gurianov 0 0 0 -4 0 1 1 1 0 1 0/2 21:39 5:31 2:11
Fredrik Olofsson 0 2 2 2 0 4 0 0 0 0 0/0 12:16 0:40 0:00
Ilya Solovyov 0 0 0 0 5 0 0 0 0 0 0/0 5:43 0:40 0:32
Jacob Bernard-Docker 0 0 0 -3 5 1 1 3 0 2 0/0 21:24 6:19 1:50
Matthew Phillips 0 1 1 -4 0 1 1 0 0 0 7/21 21:08 5:44 1:44
Nick Cicek 0 0 0 0 17 1 1 3 0 1 0/0 15:14 4:56 0:00
Robin Salo 0 0 0 -2 0 1 2 2 1 1 0/0 15:29 0:02 1:19
Ryan Suzuki 0 0 0 -3 5 2 1 1 0 0 3/4 18:56 5:32 0:00
Tristen Robins 0 3 3 2 0 1 1 0 1 0 5/8 15:40 0:48 0:44
Ville Heinola 0 0 0 -3 5 0 1 2 0 1 0/0 14:41 0:18 1:04
Zachary Jones 0 0 0 -3 0 2 0 1 0 0 0/0 22:14 6:19 1:50
Players Stats for Sarnia Sailors
Player Name G A P +/- PIM S H SB GA TA FO MP PP MP PK MP
------------------------------------------------------------------------------------
Adam Ginning 0 0 0 1 4 3 1 1 0 0 0/0 22:46 1:38 6:30
Brad Lambert 1 0 1 1 0 1 2 1 0 0 0/0 9:47 0:00 0:00
Cole Reinhardt 1 0 1 1 2 1 3 0 0 0 0/1 14:59 1:43 0:56
Daniel Torgersson 0 0 0 0 0 0 1 0 0 0 0/0 6:35 0:00 0:00
Declan Chisholm 0 0 0 0 5 0 2 0 0 0 0/0 17:21 0:00 4:18
Dominic Toninato 0 1 1 0 0 0 0 0 1 2 3/5 17:57 0:53 6:37
Jack Rathbone 0 1 1 4 2 2 1 1 1 0 0/0 26:53 2:36 6:01
Jamie Drysdale 0 4 4 1 0 5 4 1 1 0 0/0 26:48 2:36 4:06
Jesse Puljujarvi 0 1 1 1 0 3 1 0 1 0 0/0 13:18 1:18 0:00
Jett Woo 0 0 0 2 0 0 1 0 0 1 0/0 12:20 1:38 0:06
Keegan Kolesar 2 2 4 3 16 6 3 0 1 0 0/3 14:58 2:03 1:56
Kevin Stenlund 1 1 2 2 0 6 2 0 0 0 23/37 23:09 1:45 6:05
Laurent Dauphin 1 0 1 1 0 1 1 0 0 0 1/1 10:31 0:00 3:53
Lucas Edmonds 0 0 0 1 0 4 2 0 1 0 0/0 9:50 0:00 0:00
Samuel Walker 1 0 1 0 0 4 1 0 0 0 0/1 15:40 2:08 2:28
Tristen Nielsen 1 1 2 1 0 3 2 0 0 0 8/10 16:23 2:19 1:59
Vasily Podkolzin 1 4 5 3 5 5 0 0 0 0 1/1 15:15 0:33 0:00
Zach Uens 0 1 1 2 5 0 2 0 0 1 0/0 13:22 0:00 2:53
3 Stars
1 - Jamie Drysdale (SAR)
2 - Vasily Podkolzin (SAR)
3 - Kevin Stenlund (SAR)
Power Play
Adelaide Pink Elephants - 1 on 7 Attempt(s) - 14.29%
Sarnia Sailors - 1 on 3 Attempt(s) - 33.33%
Penalty Kill
Adelaide Pink Elephants - 2 on 3 Attempt(s) - 66.67%
- Score 0 goal in Penalty Kill
Sarnia Sailors - 6 on 7 Attempt(s) - 85.71%
- Score 1 goal in Penalty Kill
Team Stat
Adelaide Pink Elephants - Hits : 18 - Faceoff Wins : 23 - Blocked Shots : 18 - Penalty Minutes : 41
Sarnia Sailors - Hits : 29 - Faceoff Wins : 36 - Blocked Shots : 4 - Penalty Minutes : 39
Official
Referees : Francois StLaurent and Chris Rooney
Linesman : Andy McElman and Brian Mach
Game Notes
Nick Cicek beats up Vasily Podkolzin at 4:06 of 3rd period
Ville Heinola beats up Keegan Kolesar at 12:58 of 3rd period
Declan Chisholm and Ilya Solovyov fight to a draw at 14:10 of 3rd period
Zach Uens beats up Ryan Suzuki at 15:34 of 3rd period
17:46 of 3rd period - Sarnia Sailors goal is going for a video replay. After video review, Goal.
Jacob Bernard-Docker beats up Keegan Kolesar at 18:20 of 3rd period
Adelaide Pink Elephants
5 vs 5 Forward
Center Left Wing Right Wing Time % Phy DF OF
1 Adam Gaudette Denis Gurianov Cal Clutterbuck 30 1 2 2
2 Matthew Phillips AJ Greer Ryan Suzuki 30 1 2 2
3 Tristen Robins Fredrik Olofsson Axel Jonsson-Fjallby 25 1 2 2
4 Ryan Suzuki Axel Jonsson-Fjallby Cal Clutterbuck 15 1 2 2
5 vs 5 Defense
Defense Defense Time % Phy DF OF
1 Caleb Jones Nick Cicek 30 1 2 2
2 Jacob Bernard-Docker Zachary Jones 30 1 2 2
3 Robin Salo Ville Heinola 25 1 2 2
4 Alex Vlasic Benjamin Gleason 15 1 2 2
PowerPlay Forward
Center Left Wing Right Wing Time % Phy DF OF
1 Adam Gaudette Denis Gurianov Cal Clutterbuck 50 1 2 2
2 Matthew Phillips AJ Greer Ryan Suzuki 50 1 2 2
PowerPlay Defense
Defense Defense Time % Phy DF OF
1 Caleb Jones Nick Cicek 50 1 2 2
2 Jacob Bernard-Docker Zachary Jones 50 1 2 2
Penalty Kill 4 Players Forward
Center Wing Time % Phy DF OF
1 Cal Clutterbuck Denis Gurianov 50 1 2 2
2 Adam Gaudette Matthew Phillips 50 1 2 2
Penalty Kill 4 Players Defense
Defense Defense Time % Phy DF OF
1 Caleb Jones Nick Cicek 50 1 2 2
2 Jacob Bernard-Docker Zachary Jones 50 1 2 2
Penalty Kill - 3 Players Forward
Forward Time % Phy DF OF
1 Cal Clutterbuck 50 1 2 2
2 Denis Gurianov 50 1 2 2
Penalty Kill - 3 Players Defense
Defense Defense Time % Phy DF OF
1 Caleb Jones Nick Cicek 50 1 2 2
2 Jacob Bernard-Docker Zachary Jones 50 1 2 2
4 vs 4 Forward
Center Wing Time % Phy DF OF
1 Cal Clutterbuck Denis Gurianov 50 1 2 2
2 Adam Gaudette Matthew Phillips 50 1 2 2
4 vs 4 Defense
Defense Defense Time % Phy DF OF
1 Caleb Jones Nick Cicek 50 1 2 2
2 Jacob Bernard-Docker Zachary Jones 50 1 2 2
Last Minutes Offensive
Center Left Wing Right Wing Defense Defense
Adam Gaudette Denis Gurianov Cal Clutterbuck Caleb Jones Nick Cicek
Last Minutes Defensive
Center Left Wing Right Wing Defense Defense
Adam Gaudette Denis Gurianov Cal Clutterbuck Caleb Jones Nick Cicek
Goaltenders
Starting : Unknown Goalie
Backup : Unknown Goalie
Extra Forwards
Normal : Tristen Robins, Fredrik Olofsson, AJ Greer - PP : Tristen Robins, Fredrik Olofsson - PK : AJ Greer
Extra Defensemen
Normal : Ilya Solovyov, Robin Salo, Ville Heinola - PP : Ilya Solovyov - PK : Robin Salo, Ville Heinola
Penalty Shots
Cal Clutterbuck, Denis Gurianov, Adam Gaudette, Matthew Phillips, AJ Greer
Sarnia Sailors
5 vs 5 Forward
Center Left Wing Right Wing Time % Phy DF OF
1 Kevin Stenlund Vasily Podkolzin Keegan Kolesar 40 2 1 2
2 Tristen Nielsen Cole Reinhardt Jesse Puljujarvi 30 2 1 2
3 Dominic Toninato Brad Lambert Lucas Edmonds 20 1 2 2
4 Laurent Dauphin Daniel Torgersson Samuel Walker 10 2 1 2
5 vs 5 Defense
Defense Defense Time % Phy DF OF
1 Jamie Drysdale Jack Rathbone 40 1 2 2
2 Declan Chisholm Adam Ginning 30 2 1 2
3 Zach Uens Jett Woo 20 2 2 1
4 Adam Ginning Jack Rathbone 10 1 2 2
PowerPlay Forward
Center Left Wing Right Wing Time % Phy DF OF
1 Tristen Nielsen Vasily Podkolzin Keegan Kolesar 60 0 1 4
2 Kevin Stenlund Cole Reinhardt Jesse Puljujarvi 40 0 1 4
PowerPlay Defense
Defense Defense Time % Phy DF OF
1 Jamie Drysdale Jack Rathbone 60 1 1 3
2 Adam Ginning Jett Woo 40 2 1 2
Penalty Kill 4 Players Forward
Center Wing Time % Phy DF OF
1 Kevin Stenlund Dominic Toninato 60 2 2 1
2 Laurent Dauphin Keegan Kolesar 40 2 2 1
Penalty Kill 4 Players Defense
Defense Defense Time % Phy DF OF
1 Adam Ginning Jack Rathbone 60 2 1 2
2 Declan Chisholm Jamie Drysdale 40 2 2 1
Penalty Kill - 3 Players Forward
Forward Time % Phy DF OF
1 Kevin Stenlund 60 2 2 1
2 Tristen Nielsen 40 2 2 1
Penalty Kill - 3 Players Defense
Defense Defense Time % Phy DF OF
1 Adam Ginning Jack Rathbone 60 2 1 2
2 Declan Chisholm Jamie Drysdale 40 2 2 1
4 vs 4 Forward
Center Wing Time % Phy DF OF
1 Kevin Stenlund Keegan Kolesar 60 2 1 2
2 Tristen Nielsen Vasily Podkolzin 40 2 1 2
4 vs 4 Defense
Defense Defense Time % Phy DF OF
1 Declan Chisholm Jack Rathbone 60 1 2 2
2 Jamie Drysdale Adam Ginning 40 2 1 2
Last Minutes Offensive
Center Left Wing Right Wing Defense Defense
Tristen Nielsen Vasily Podkolzin Keegan Kolesar Jamie Drysdale Jack Rathbone
Last Minutes Defensive
Center Left Wing Right Wing Defense Defense
Kevin Stenlund Dominic Toninato Tristen Nielsen Jamie Drysdale Jack Rathbone
Goaltenders
Starting : Remi Poirier
Backup : Dylan Ferguson
Extra Forwards
Normal : Samuel Walker, Cole Reinhardt, Lucas Edmonds - PP : Samuel Walker, Cole Reinhardt - PK : Dominic Toninato
Extra Defensemen
Normal : Zach Uens, Declan Chisholm, Jamie Drysdale - PP : Jamie Drysdale - PK : Zach Uens, Declan Chisholm
Penalty Shots
Kevin Stenlund, Keegan Kolesar, Dominic Toninato, Jesse Puljujarvi, Vasily Podkolzin
% Time on Ice - Adelaide Pink Elephants
Lines # - Real PCT - Wanted PCT - Time Play
Normal Forward
1 - 31% - 30% - 13:47
2 - 33% - 30% - 14:23
3 - 24% - 25% - 10:41
4 - 11% - 15% - 4:58
Normal Defense
1 - 31% - 30% - 13:47
2 - 32% - 30% - 14:05
3 - 24% - 25% - 10:28
4 - 13% - 15% - 5:29
PP Forward
1 - 50% - 50% - 6:01
2 - 50% - 50% - 5:56
PP Defense
1 - 47% - 50% - 5:38
2 - 53% - 50% - 6:19
PK Forward
1 - 59% - 50% - 2:30
2 - 41% - 50% - 1:44
PK Defense
1 - 57% - 50% - 2:24
2 - 43% - 50% - 1:50
PK3 Forward
1 - 0% - 50%
2 - 0% - 50%
PK3 Defense
1 - 0% - 50%
2 - 0% - 50%
44 Forward
1 - 0% - 50%
2 - 0% - 50%
44 Defense
1 - 0% - 50%
2 - 0% - 50%
Last Minute Offensive - 0:00
Last Minute Defensive - 0:00
Total
Forward - 60:00
Defense - 60:00
|
% Time on Ice - Sarnia Sailors
Lines # - Real PCT - Wanted PCT - Time Play
Normal Forward
1 - 35% - 40% - 15:24
2 - 28% - 30% - 12:03
3 - 22% - 20% - 9:47
4 - 15% - 10% - 6:35
Normal Defense
1 - 43% - 40% - 19:00
2 - 30% - 30% - 13:19
3 - 23% - 20% - 9:55
4 - 4% - 10% - 1:35
PP Forward
1 - 69% - 60% - 2:56
2 - 31% - 40% - 1:18
PP Defense
1 - 61% - 60% - 2:36
2 - 39% - 40% - 1:38
PK Forward
1 - 68% - 60% - 8:04
2 - 32% - 40% - 3:53
PK Defense
1 - 67% - 60% - 8:02
2 - 33% - 40% - 3:55
PK3 Forward
1 - 0% - 60%
2 - 0% - 40%
PK3 Defense
1 - 0% - 60%
2 - 0% - 40%
44 Forward
1 - 0% - 60%
2 - 0% - 40%
44 Defense
1 - 0% - 60%
2 - 0% - 40%
Last Minute Offensive - 0:00
Last Minute Defensive - 0:00
Total
Forward - 60:00
Defense - 60:00
|
Play-by-Play
1st period
0:01 of 1st period - Adam Gaudette wins face-off versus Kevin Stenlund in neutral zone.
0:06 of 1st period - Jack Rathbone is hit by Cal Clutterbuck and loses puck.
0:13 of 1st period - Wrist shot by Kevin Stenlund.
0:13 of 1st period - Shot Blocked by Caleb Jones.
0:15 of 1st period - Snap shot by Keegan Kolesar.
0:15 of 1st period - Shot Blocked by Nick Cicek.
0:25 of 1st period - Caleb Jones is hit by Cole Reinhardt and loses puck.
0:32 of 1st period - Snap shot by Tristen Nielsen.
0:32 of 1st period - Shot Blocked by Caleb Jones.
1:24 of 1st period - Wrist shot by Vasily Podkolzin.
1:24 of 1st period - Shot Misses the Net.
1:26 of 1st period - Snap shot by Kevin Stenlund.
1:26 of 1st period - Stopped by Unknown Goalie with a rebound.
1:28 of 1st period - Snap shot by Vasily Podkolzin.
1:28 of 1st period - Shot Blocked by Jacob Bernard-Docker.
1:30 of 1st period - Wrist shot by Kevin Stenlund.
1:30 of 1st period - Shot Misses the Net.
1:56 of 1st period - Wrist shot by Dominic Toninato.
1:56 of 1st period - Shot Misses the Net.
2:36 of 1st period - Fredrik Olofsson is hit by Jack Rathbone and loses puck.
2:55 of 1st period - Dominic Toninato is hit by Alex Vlasic.
3:17 of 1st period - Cal Clutterbuck is hit by Keegan Kolesar and loses puck.
3:43 of 1st period - Adam Gaudette is hit by Jesse Puljujarvi and loses puck.
3:50 of 1st period - Wrist shot by Cal Clutterbuck.
3:50 of 1st period - Stopped by Remi Poirier with a rebound.
3:52 of 1st period - Snap shot by Cal Clutterbuck.
3:52 of 1st period - Shot Misses the Net.
4:08 of 1st period - Wrist shot by Jesse Puljujarvi.
4:08 of 1st period - Shot Misses the Net.
4:44 of 1st period - Backhand shot by Jesse Puljujarvi.
4:44 of 1st period - Shot Blocked by Nick Cicek.
4:59 of 1st period - Wrist shot by Denis Gurianov.
4:59 of 1st period - Stopped by Remi Poirier with a rebound.
5:07 of 1st period - Wrist shot by Adam Gaudette.
5:07 of 1st period - Stopped by Remi Poirier with a rebound.
5:09 of 1st period - Slapshot by Nick Cicek.
5:09 of 1st period - Stopped by Remi Poirier with a rebound.
5:11 of 1st period - Slapshot by Caleb Jones.
5:11 of 1st period - Deflect By Adam Gaudette.
5:11 of 1st period - Stopped by Remi Poirier with a rebound.
5:13 of 1st period - Snap shot by Cal Clutterbuck.
5:13 of 1st period - Shot Misses the Net.
5:15 of 1st period - Backhand shot by Adam Gaudette.
5:15 of 1st period - Stopped by Remi Poirier without a rebound.
5:16 of 1st period - Kevin Stenlund wins face-off versus Matthew Phillips in Sarnia Sailors zone.
5:29 of 1st period - Snap shot by Keegan Kolesar.
5:29 of 1st period - Stopped by Unknown Goalie with a rebound.
5:31 of 1st period - Backhand shot by Keegan Kolesar.
5:31 of 1st period - Stopped by Unknown Goalie with a rebound.
5:46 of 1st period - Axel Jonsson-Fjallby is hit by Adam Ginning and loses puck.
6:04 of 1st period - Wrist shot by Lucas Edmonds.
6:04 of 1st period - Stopped by Unknown Goalie with a rebound.
6:14 of 1st period - Snap shot by Samuel Walker.
6:14 of 1st period - Shot Misses the Net.
6:16 of 1st period - Slapshot by Declan Chisholm.
6:16 of 1st period - Shot Blocked by Ryan Suzuki.
6:32 of 1st period - Kevin Stenlund is hit by Axel Jonsson-Fjallby and loses puck.
6:52 of 1st period - Brad Lambert is hit by Ryan Suzuki and loses puck.
9:06 of 1st period - Axel Jonsson-Fjallby is hit by Lucas Edmonds and loses puck.
9:25 of 1st period - Zachary Jones is hit by Keegan Kolesar and loses puck.
10:20 of 1st period - Ryan Suzuki is hit by Kevin Stenlund and loses puck.
10:33 of 1st period - Alex Vlasic is hit by Cole Reinhardt and loses puck.
10:52 of 1st period - Fredrik Olofsson is hit by Daniel Torgersson and loses puck.
11:32 of 1st period - Axel Jonsson-Fjallby is hit by Declan Chisholm.
11:44 of 1st period - Robin Salo is hit by Tristen Nielsen.
12:53 of 1st period - Matthew Phillips is hit by Lucas Edmonds and loses puck.
13:12 of 1st period - Ryan Suzuki is hit by Samuel Walker and loses puck.
13:22 of 1st period - Icing by Declan Chisholm.
13:23 of 1st period - Tristen Nielsen wins face-off versus AJ Greer in Sarnia Sailors zone.
13:23 of 1st period - Tristen Nielsen is hit by Nick Cicek.
13:38 of 1st period - Zach Uens is hit by AJ Greer and loses puck.
14:02 of 1st period - Off-side.
14:03 of 1st period - Dominic Toninato wins face-off versus Denis Gurianov in neutral zone.
14:29 of 1st period - Icing by Adam Ginning.
14:30 of 1st period - Tristen Robins wins face-off versus Dominic Toninato in Sarnia Sailors zone.
15:06 of 1st period - Wrist shot by Dominic Toninato.
15:06 of 1st period - Shot Blocked by Ville Heinola.
15:08 of 1st period - Snap shot by Lucas Edmonds.
15:08 of 1st period - Stopped by Unknown Goalie with a rebound.
15:10 of 1st period - Snap shot by Lucas Edmonds.
15:10 of 1st period - Stopped by Unknown Goalie with a rebound.
15:16 of 1st period - Wrist shot by Dominic Toninato.
15:16 of 1st period - Shot Blocked by Robin Salo.
15:35 of 1st period - Cal Clutterbuck is hit by Zach Uens.
15:49 of 1st period - Slapshot by Adam Gaudette.
15:49 of 1st period - Stopped by Remi Poirier without a rebound.
15:50 of 1st period - Tristen Robins wins face-off versus Keegan Kolesar in Sarnia Sailors zone.
15:51 of 1st period - Wrist shot by Fredrik Olofsson.
15:51 of 1st period - Stopped by Remi Poirier without a rebound.
15:52 of 1st period - Kevin Stenlund wins face-off versus Tristen Robins in Sarnia Sailors zone.
15:59 of 1st period - Backhand shot by Kevin Stenlund.
15:59 of 1st period - Stopped by Unknown Goalie with a rebound.
16:01 of 1st period - Snap shot by Jamie Drysdale.
16:01 of 1st period - Shot Misses the Net.
16:03 of 1st period - Snap shot by Kevin Stenlund.
16:03 of 1st period - Shot Misses the Net.
16:28 of 1st period - Snap shot by Tristen Robins.
16:28 of 1st period - Stopped by Remi Poirier with a rebound.
16:50 of 1st period - Snap shot by Matthew Phillips.
16:50 of 1st period - Stopped by Remi Poirier without a rebound.
16:51 of 1st period - Vasily Podkolzin wins face-off versus Matthew Phillips in Sarnia Sailors zone.
16:53 of 1st period - Double Minor Penalty to Keegan Kolesar for Slashing.
16:54 of 1st period - Adam Gaudette wins face-off versus Kevin Stenlund in Sarnia Sailors zone.
16:54 of 1st period - Wrist shot by Denis Gurianov.
16:54 of 1st period - Shot Misses the Net.
16:56 of 1st period - Slapshot by Nick Cicek.
16:56 of 1st period - Shot Misses the Net.
17:28 of 1st period - Slapshot by Ryan Suzuki.
17:28 of 1st period - Shot Misses the Net.
Goals for this period are 0 for Adelaide Pink Elephants vs 0 for Sarnia Sailors.
Shots for this period are 10 for Adelaide Pink Elephants vs 7 for Sarnia Sailors.
2nd period
0:01 of 2nd period - Kevin Stenlund wins face-off versus AJ Greer in neutral zone.
0:53 of 2nd period - Penalty to Keegan Kolesar is over, Keegan Kolesar is back on ice.
1:00 of 2nd period - Snap shot by Fredrik Olofsson.
1:00 of 2nd period - Shot Misses the Net.
1:02 of 2nd period - Snap shot by Axel Jonsson-Fjallby.
1:02 of 2nd period - Goal by Axel Jonsson-Fjallby - Adelaide Pink Elephants : 1 - Sarnia Sailors : 0.
1:03 of 2nd period - Kevin Stenlund wins face-off versus Matthew Phillips in neutral zone.
1:05 of 2nd period - Off-side.
1:06 of 2nd period - Kevin Stenlund wins face-off versus Matthew Phillips in neutral zone.
1:18 of 2nd period - Off-side.
1:19 of 2nd period - Ryan Suzuki wins face-off versus Keegan Kolesar in neutral zone.
1:46 of 2nd period - Tristen Nielsen is hit by Matthew Phillips and loses puck.
1:55 of 2nd period - Jack Rathbone is hit by AJ Greer.
2:41 of 2nd period - Wrist shot by Vasily Podkolzin.
2:41 of 2nd period - Shot Misses the Net.
2:53 of 2nd period - Wrist shot by Fredrik Olofsson.
2:53 of 2nd period - Stopped by Remi Poirier with a rebound.
2:55 of 2nd period - Backhand shot by Ville Heinola.
2:55 of 2nd period - Shot Misses the Net.
3:16 of 2nd period - Off-side.
3:17 of 2nd period - Matthew Phillips wins face-off versus Dominic Toninato in neutral zone.
3:24 of 2nd period - Wrist shot by Matthew Phillips.
3:24 of 2nd period - Shot Blocked by Brad Lambert.
3:26 of 2nd period - Backhand shot by Zachary Jones.
3:26 of 2nd period - Stopped by Remi Poirier with a rebound.
3:47 of 2nd period - Wrist shot by Cole Reinhardt.
3:47 of 2nd period - Goal by Cole Reinhardt - Adelaide Pink Elephants : 1 - Sarnia Sailors : 1.
3:48 of 2nd period - Kevin Stenlund wins face-off versus Ryan Suzuki in neutral zone.
4:34 of 2nd period - Nick Cicek is hit by Brad Lambert and loses puck.
4:39 of 2nd period - Slapshot by Jamie Drysdale.
4:39 of 2nd period - Shot Blocked by Nick Cicek.
4:41 of 2nd period - Wrist shot by Brad Lambert.
4:41 of 2nd period - Shot Misses the Net.
4:43 of 2nd period - Snap shot by Dominic Toninato.
4:43 of 2nd period - Deflect By Brad Lambert.
4:43 of 2nd period - Goal by Brad Lambert - Adelaide Pink Elephants : 1 - Sarnia Sailors : 2.
4:44 of 2nd period - Tristen Robins wins face-off versus Kevin Stenlund in neutral zone.
5:34 of 2nd period - Snap shot by Cal Clutterbuck.
5:34 of 2nd period - Stopped by Remi Poirier with a rebound.
5:36 of 2nd period - Slapshot by Denis Gurianov.
5:36 of 2nd period - Shot Misses the Net.
5:38 of 2nd period - Wrist shot by Cal Clutterbuck.
5:38 of 2nd period - Shot Misses the Net.
6:34 of 2nd period - Snap shot by Jesse Puljujarvi.
6:34 of 2nd period - Stopped by Unknown Goalie with a rebound.
6:36 of 2nd period - Slapshot by Jack Rathbone.
6:36 of 2nd period - Deflect By AJ Greer.
6:36 of 2nd period - Stopped by Unknown Goalie without a rebound.
6:37 of 2nd period - Tristen Robins wins face-off versus Kevin Stenlund in Adelaide Pink Elephants zone.
7:35 of 2nd period - Backhand shot by Adam Gaudette.
7:35 of 2nd period - Stopped by Remi Poirier with a rebound.
7:45 of 2nd period - Slapshot by Denis Gurianov.
7:45 of 2nd period - Shot Misses the Net.
7:47 of 2nd period - Slapshot by Zachary Jones.
7:47 of 2nd period - Stopped by Remi Poirier with a rebound.
7:49 of 2nd period - Slapshot by Jacob Bernard-Docker.
7:49 of 2nd period - Stopped by Remi Poirier with a rebound.
7:53 of 2nd period - Snap shot by Cal Clutterbuck.
7:53 of 2nd period - Deflect By Jack Rathbone.
7:53 of 2nd period - Stopped by Remi Poirier with a rebound.
7:55 of 2nd period - Slapshot by Jacob Bernard-Docker.
7:55 of 2nd period - Deflect By Denis Gurianov.
7:55 of 2nd period - Shot Misses the Net.
7:55 of 2nd period - Puck is out of play.
7:56 of 2nd period - Kevin Stenlund wins face-off versus Matthew Phillips in Sarnia Sailors zone.
7:56 of 2nd period - Kevin Stenlund is hit by AJ Greer.
7:59 of 2nd period - Minor Penalty to Adam Ginning for Hooking.
8:00 of 2nd period - Matthew Phillips wins face-off versus Kevin Stenlund in Sarnia Sailors zone.
8:58 of 2nd period - Adam Gaudette is hit by Jamie Drysdale.
9:22 of 2nd period - Nick Cicek is hit by Tristen Nielsen and loses puck.
9:31 of 2nd period - Samuel Walker is hit by Caleb Jones and loses puck.
9:59 of 2nd period - Penalty to Adam Ginning is over, Adam Ginning is back on ice.
10:07 of 2nd period - Off-side.
10:08 of 2nd period - Tristen Nielsen wins face-off versus Axel Jonsson-Fjallby in neutral zone.
10:20 of 2nd period - Snap shot by Jesse Puljujarvi.
10:20 of 2nd period - Shot Misses the Net.
10:32 of 2nd period - Laurent Dauphin is hit by Ville Heinola and loses puck.
11:10 of 2nd period - Backhand shot by Keegan Kolesar.
11:10 of 2nd period - Stopped by Unknown Goalie with a rebound.
11:32 of 2nd period - Snap shot by Samuel Walker.
11:32 of 2nd period - Shot Blocked by Benjamin Gleason.
11:34 of 2nd period - Wrist shot by Jamie Drysdale.
11:34 of 2nd period - Deflect By Cal Clutterbuck.
11:34 of 2nd period - Stopped by Unknown Goalie with a rebound.
12:02 of 2nd period - Backhand shot by Jack Rathbone.
12:02 of 2nd period - Deflect By Tristen Nielsen.
12:02 of 2nd period - Stopped by Unknown Goalie with a rebound.
12:36 of 2nd period - Wrist shot by Laurent Dauphin.
12:36 of 2nd period - Shot Misses the Net.
12:38 of 2nd period - Wrist shot by Laurent Dauphin.
12:38 of 2nd period - Shot Misses the Net.
12:40 of 2nd period - Snap shot by Samuel Walker.
12:40 of 2nd period - Shot Blocked by Robin Salo.
13:03 of 2nd period - Jacob Bernard-Docker is hit by Zach Uens and loses puck.
14:46 of 2nd period - Slapshot by Jamie Drysdale.
14:46 of 2nd period - Shot Misses the Net.
15:07 of 2nd period - Jacob Bernard-Docker is hit by Declan Chisholm and loses puck.
15:12 of 2nd period - Snap shot by Keegan Kolesar.
15:12 of 2nd period - Stopped by Unknown Goalie with a rebound.
15:14 of 2nd period - Wrist shot by Kevin Stenlund.
15:14 of 2nd period - Shot Misses the Net.
16:59 of 2nd period - Ilya Solovyov is hit by Jamie Drysdale and loses puck.
17:08 of 2nd period - Minor Penalty to Keegan Kolesar for Tripping.
17:09 of 2nd period - Dominic Toninato wins face-off versus Matthew Phillips in Sarnia Sailors zone.
17:20 of 2nd period - Slapshot by Jacob Bernard-Docker.
17:20 of 2nd period - Shot Blocked by Jack Rathbone.
18:05 of 2nd period - Samuel Walker is hit by Denis Gurianov and loses puck.
18:48 of 2nd period - Cole Reinhardt is hit by Caleb Jones and loses puck.
19:08 of 2nd period - Penalty to Keegan Kolesar is over, Keegan Kolesar is back on ice.
19:23 of 2nd period - Wrist shot by Jesse Puljujarvi.
19:23 of 2nd period - Stopped by Unknown Goalie with a rebound.
19:45 of 2nd period - Wrist shot by Vasily Podkolzin.
19:45 of 2nd period - Stopped by Unknown Goalie with a rebound.
Goals for this period are 1 for Adelaide Pink Elephants vs 2 for Sarnia Sailors.
Shots for this period are 8 for Adelaide Pink Elephants vs 10 for Sarnia Sailors.
3rd period
0:01 of 3rd period - Kevin Stenlund wins face-off versus Matthew Phillips in neutral zone.
0:31 of 3rd period - Snap shot by Cole Reinhardt.
0:31 of 3rd period - Shot Blocked by Ville Heinola.
0:33 of 3rd period - Wrist shot by Cole Reinhardt.
0:33 of 3rd period - Deflect By Tristen Nielsen.
0:33 of 3rd period - Stopped by Unknown Goalie with a rebound.
0:35 of 3rd period - Slapshot by Adam Ginning.
0:35 of 3rd period - Stopped by Unknown Goalie without a rebound.
0:36 of 3rd period - Ryan Suzuki wins face-off versus Tristen Nielsen in Adelaide Pink Elephants zone.
0:43 of 3rd period - Snap shot by Ryan Suzuki.
0:43 of 3rd period - Stopped by Remi Poirier with a rebound.
0:45 of 3rd period - Snap shot by Ryan Suzuki.
0:45 of 3rd period - Deflect By Tristen Nielsen.
0:45 of 3rd period - Stopped by Remi Poirier without a rebound.
0:46 of 3rd period - Cal Clutterbuck wins face-off versus Cole Reinhardt in Sarnia Sailors zone.
1:11 of 3rd period - Snap shot by Axel Jonsson-Fjallby.
1:11 of 3rd period - Stopped by Remi Poirier without a rebound.
1:12 of 3rd period - Kevin Stenlund wins face-off versus Matthew Phillips in Sarnia Sailors zone.
1:23 of 3rd period - Snap shot by Keegan Kolesar.
1:23 of 3rd period - Goal by Keegan Kolesar - Adelaide Pink Elephants : 1 - Sarnia Sailors : 3.
1:24 of 3rd period - Kevin Stenlund wins face-off versus AJ Greer in neutral zone.
1:27 of 3rd period - Slapshot by Jamie Drysdale.
1:27 of 3rd period - Deflect By AJ Greer.
1:27 of 3rd period - Stopped by Unknown Goalie without a rebound.
1:28 of 3rd period - Ryan Suzuki wins face-off versus Kevin Stenlund in Adelaide Pink Elephants zone.
1:28 of 3rd period - Ryan Suzuki is hit by Keegan Kolesar.
1:37 of 3rd period - Minor Penalty to Jack Rathbone for Elbowing.
1:38 of 3rd period - Kevin Stenlund wins face-off versus Adam Gaudette in Sarnia Sailors zone.
2:16 of 3rd period - Snap shot by Adam Ginning.
2:16 of 3rd period - Stopped by Unknown Goalie with a rebound.
2:18 of 3rd period - Wrist shot by Laurent Dauphin.
2:18 of 3rd period - Shot Misses the Net.
2:20 of 3rd period - Slapshot by Zach Uens.
2:20 of 3rd period - Shot Blocked by Jacob Bernard-Docker.
2:22 of 3rd period - Slapshot by Keegan Kolesar.
2:22 of 3rd period - Deflect By Laurent Dauphin.
2:22 of 3rd period - Goal by Laurent Dauphin - Adelaide Pink Elephants : 1 - Sarnia Sailors : 4.
2:23 of 3rd period - Adam Gaudette wins face-off versus Kevin Stenlund in neutral zone.
2:26 of 3rd period - Wrist shot by Cal Clutterbuck.
2:26 of 3rd period - Shot Misses the Net.
2:38 of 3rd period - Snap shot by Kevin Stenlund.
2:38 of 3rd period - Stopped by Unknown Goalie with a rebound.
3:37 of 3rd period - Penalty to Jack Rathbone is over, Jack Rathbone is back on ice.
4:05 of 3rd period - Snap shot by Keegan Kolesar.
4:05 of 3rd period - Goal by Keegan Kolesar - Adelaide Pink Elephants : 1 - Sarnia Sailors : 5.
4:06 of 3rd period - Kevin Stenlund wins face-off versus Matthew Phillips in neutral zone.
4:06 of 3rd period - Nick Cicek beats up Vasily Podkolzin.
4:06 of 3rd period - Penalty to Vasily Podkolzin for Fighting.
4:06 of 3rd period - Penalty to Nick Cicek for Fighting.
4:06 of 3rd period - Penalty to Nick Cicek for instigated a fight.
4:06 of 3rd period - Penalty to Nick Cicek for instigated a fight.
4:07 of 3rd period - Tristen Nielsen wins face-off versus Cal Clutterbuck in neutral zone.
4:12 of 3rd period - Slapshot by Jamie Drysdale.
4:12 of 3rd period - Stopped by Unknown Goalie without a rebound.
4:13 of 3rd period - Tristen Nielsen wins face-off versus Cal Clutterbuck in Adelaide Pink Elephants zone.
4:46 of 3rd period - Jacob Bernard-Docker is hit by Jamie Drysdale and loses puck.
5:05 of 3rd period - Zachary Jones is hit by Cole Reinhardt and loses puck.
5:41 of 3rd period - Icing by Dominic Toninato.
5:42 of 3rd period - Dominic Toninato wins face-off versus Cal Clutterbuck in Sarnia Sailors zone.
5:47 of 3rd period - Denis Gurianov is hit by Jamie Drysdale and loses puck.
6:06 of 3rd period - Penalty to Nick Cicek is over, AJ Greer is send on ice.
6:14 of 3rd period - Caleb Jones is hit by Brad Lambert and loses puck.
6:19 of 3rd period - Snap shot by Dominic Toninato.
6:19 of 3rd period - Shot Misses the Net.
6:21 of 3rd period - Snap shot by Dominic Toninato.
6:21 of 3rd period - Shot Misses the Net.
6:37 of 3rd period - Caleb Jones is hit by Laurent Dauphin and loses puck.
6:48 of 3rd period - Slapshot by Fredrik Olofsson.
6:48 of 3rd period - Stopped by Remi Poirier with a rebound.
7:06 of 3rd period - Wrist shot by Lucas Edmonds.
7:06 of 3rd period - Stopped by Unknown Goalie with a rebound.
7:08 of 3rd period - Snap shot by Dominic Toninato.
7:08 of 3rd period - Shot Blocked by Caleb Jones.
7:10 of 3rd period - Wrist shot by Brad Lambert.
7:10 of 3rd period - Shot Misses the Net.
7:38 of 3rd period - Snap shot by Samuel Walker.
7:38 of 3rd period - Stopped by Unknown Goalie with a rebound.
7:44 of 3rd period - Minor Penalty to Cal Clutterbuck for Tripping.
7:45 of 3rd period - Tristen Nielsen wins face-off versus Adam Gaudette in Adelaide Pink Elephants zone.
9:06 of 3rd period - Penalty to Nick Cicek is over, AJ Greer is send on ice.
9:33 of 3rd period - Caleb Jones is hit by Jett Woo and loses puck.
9:44 of 3rd period - Penalty to Cal Clutterbuck is over, Cal Clutterbuck is back on ice.
9:44 of 3rd period - Minor Penalty to Cole Reinhardt for Interference.
9:45 of 3rd period - Kevin Stenlund wins face-off versus Adam Gaudette in Sarnia Sailors zone.
9:56 of 3rd period - Wrist shot by Denis Gurianov.
9:56 of 3rd period - Deflect By Adam Gaudette.
9:56 of 3rd period - Shot Misses the Net.
9:56 of 3rd period - Puck is out of play.
9:57 of 3rd period - Matthew Phillips wins face-off versus Kevin Stenlund in Sarnia Sailors zone.
10:32 of 3rd period - Slapshot by Adam Gaudette.
10:32 of 3rd period - Stopped by Remi Poirier with a rebound.
10:59 of 3rd period - Icing by Ryan Suzuki.
11:00 of 3rd period - Tristen Nielsen wins face-off versus Cal Clutterbuck in Adelaide Pink Elephants zone.
11:44 of 3rd period - Penalty to Cole Reinhardt is over, Cole Reinhardt is back on ice.
11:52 of 3rd period - Snap shot by Fredrik Olofsson.
11:52 of 3rd period - Stopped by Remi Poirier without a rebound.
11:53 of 3rd period - Tristen Nielsen wins face-off versus Tristen Robins in Sarnia Sailors zone.
12:21 of 3rd period - Slapshot by Caleb Jones.
12:21 of 3rd period - Stopped by Remi Poirier without a rebound.
12:22 of 3rd period - Laurent Dauphin wins face-off versus Matthew Phillips in Sarnia Sailors zone.
12:22 of 3rd period - Laurent Dauphin is hit by Jacob Bernard-Docker.
12:42 of 3rd period - Off-side.
12:43 of 3rd period - Adam Gaudette wins face-off versus Keegan Kolesar in neutral zone.
12:51 of 3rd period - Slapshot by Jamie Drysdale.
12:51 of 3rd period - Stopped by Unknown Goalie with a rebound.
12:53 of 3rd period - Slapshot by Jamie Drysdale.
12:53 of 3rd period - Shot Blocked by Cal Clutterbuck.
12:58 of 3rd period - Ville Heinola beats up Keegan Kolesar.
12:58 of 3rd period - Penalty to Keegan Kolesar for Fighting.
12:58 of 3rd period - Penalty to Ville Heinola for Fighting.
12:59 of 3rd period - Kevin Stenlund wins face-off versus Adam Gaudette in Adelaide Pink Elephants zone.
13:02 of 3rd period - Slapshot by Jamie Drysdale.
13:02 of 3rd period - Stopped by Unknown Goalie with a rebound.
13:04 of 3rd period - Wrist shot by Kevin Stenlund.
13:04 of 3rd period - Deflect By Robin Salo.
13:04 of 3rd period - Goal by Kevin Stenlund - Adelaide Pink Elephants : 1 - Sarnia Sailors : 6.
13:05 of 3rd period - Adam Gaudette wins face-off versus Kevin Stenlund in neutral zone.
13:32 of 3rd period - Wrist shot by Fredrik Olofsson.
13:32 of 3rd period - Shot Misses the Net.
13:34 of 3rd period - Slapshot by Axel Jonsson-Fjallby.
13:34 of 3rd period - Goal by Axel Jonsson-Fjallby - Adelaide Pink Elephants : 2 - Sarnia Sailors : 6.
13:35 of 3rd period - Matthew Phillips wins face-off versus Kevin Stenlund in neutral zone.
14:09 of 3rd period - Wrist shot by Jesse Puljujarvi.
14:09 of 3rd period - Stopped by Unknown Goalie with a rebound.
14:10 of 3rd period - Declan Chisholm and Ilya Solovyov fight to a draw.
14:10 of 3rd period - Penalty to Declan Chisholm for Fighting.
14:10 of 3rd period - Penalty to Ilya Solovyov for Fighting.
14:11 of 3rd period - Kevin Stenlund wins face-off versus Matthew Phillips in Adelaide Pink Elephants zone.
14:22 of 3rd period - Wrist shot by AJ Greer.
14:22 of 3rd period - Stopped by Remi Poirier without a rebound.
14:23 of 3rd period - Kevin Stenlund wins face-off versus Adam Gaudette in Sarnia Sailors zone.
14:23 of 3rd period - Kevin Stenlund is hit by Robin Salo.
15:04 of 3rd period - Minor Penalty to AJ Greer for Hooking.
15:05 of 3rd period - Adam Gaudette wins face-off versus Tristen Nielsen in Adelaide Pink Elephants zone.
15:18 of 3rd period - Slapshot by Jamie Drysdale.
15:18 of 3rd period - Shot Blocked by Denis Gurianov.
15:20 of 3rd period - Wrist shot by Tristen Nielsen.
15:20 of 3rd period - Goal by Tristen Nielsen - Adelaide Pink Elephants : 2 - Sarnia Sailors : 7.
15:21 of 3rd period - Adam Gaudette wins face-off versus Kevin Stenlund in neutral zone.
15:29 of 3rd period - Slapshot by Robin Salo.
15:29 of 3rd period - Shot Misses the Net.
15:31 of 3rd period - Snap shot by Cal Clutterbuck.
15:31 of 3rd period - Shot Misses the Net.
15:33 of 3rd period - Slapshot by Robin Salo.
15:33 of 3rd period - Stopped by Remi Poirier without a rebound.
15:34 of 3rd period - Kevin Stenlund wins face-off versus AJ Greer in Sarnia Sailors zone.
15:34 of 3rd period - Zach Uens beats up Ryan Suzuki.
15:34 of 3rd period - Penalty to Zach Uens for Fighting.
15:34 of 3rd period - Penalty to Ryan Suzuki for Fighting.
15:35 of 3rd period - Kevin Stenlund wins face-off versus Matthew Phillips in Sarnia Sailors zone.
15:40 of 3rd period - Slapshot by Jamie Drysdale.
15:40 of 3rd period - Shot Blocked by Jacob Bernard-Docker.
15:42 of 3rd period - Slapshot by Jamie Drysdale.
15:42 of 3rd period - Shot Blocked by Zachary Jones.
15:44 of 3rd period - Slapshot by Samuel Walker.
15:44 of 3rd period - Deflect By Vasily Podkolzin.
15:44 of 3rd period - Stopped by Unknown Goalie with a rebound.
15:46 of 3rd period - Snap shot by Samuel Walker.
15:46 of 3rd period - Deflect By Vasily Podkolzin.
15:46 of 3rd period - Stopped by Unknown Goalie with a rebound.
15:48 of 3rd period - Slapshot by Jamie Drysdale.
15:48 of 3rd period - Shot Misses the Net.
15:50 of 3rd period - Slapshot by Adam Ginning.
15:50 of 3rd period - Stopped by Unknown Goalie with a rebound.
16:00 of 3rd period - Adam Ginning is hit by Cal Clutterbuck and loses puck.
16:05 of 3rd period - Wrist shot by Adam Gaudette.
16:05 of 3rd period - Stopped by Remi Poirier without a rebound.
16:06 of 3rd period - Kevin Stenlund wins face-off versus Denis Gurianov in Sarnia Sailors zone.
16:30 of 3rd period - Minor Penalty to Adam Ginning for Hooking.
16:31 of 3rd period - Matthew Phillips wins face-off versus Kevin Stenlund in Sarnia Sailors zone.
16:32 of 3rd period - Wrist shot by AJ Greer.
16:32 of 3rd period - Goal by AJ Greer - Adelaide Pink Elephants : 3 - Sarnia Sailors : 7.
16:33 of 3rd period - Matthew Phillips wins face-off versus Kevin Stenlund in neutral zone.
16:38 of 3rd period - Slapshot by Caleb Jones.
16:38 of 3rd period - Deflect By AJ Greer.
16:38 of 3rd period - Shot Blocked by Jamie Drysdale.
16:38 of 3rd period - Puck is out of play.
16:39 of 3rd period - Matthew Phillips wins face-off versus Samuel Walker in Sarnia Sailors zone.
16:40 of 3rd period - Slapshot by AJ Greer.
16:40 of 3rd period - Stopped by Remi Poirier with a rebound.
17:31 of 3rd period - Off-side.
17:32 of 3rd period - Kevin Stenlund wins face-off versus Matthew Phillips in neutral zone.
17:35 of 3rd period - Zachary Jones is hit by Kevin Stenlund and loses puck.
17:42 of 3rd period - Wrist shot by Kevin Stenlund.
17:42 of 3rd period - Stopped by Unknown Goalie with a rebound.
17:44 of 3rd period - Wrist shot by Samuel Walker.
17:44 of 3rd period - Stopped by Unknown Goalie with a rebound.
17:46 of 3rd period - Wrist shot by Samuel Walker.
17:46 of 3rd period - Sarnia Sailors goal is going for a video replay.
17:46 of 3rd period - The goal is good.
17:46 of 3rd period - Goal by Samuel Walker - Adelaide Pink Elephants : 3 - Sarnia Sailors : 8.
17:47 of 3rd period - Tristen Robins wins face-off versus Kevin Stenlund in neutral zone.
17:50 of 3rd period - Jamie Drysdale is hit by Tristen Robins and loses puck.
17:55 of 3rd period - Snap shot by Cal Clutterbuck.
17:55 of 3rd period - Shot Blocked by Adam Ginning.
17:57 of 3rd period - Snap shot by Cal Clutterbuck.
17:57 of 3rd period - Goal by Cal Clutterbuck - Adelaide Pink Elephants : 4 - Sarnia Sailors : 8.
17:58 of 3rd period - Kevin Stenlund wins face-off versus Adam Gaudette in neutral zone.
18:11 of 3rd period - Slapshot by Vasily Podkolzin.
18:11 of 3rd period - Stopped by Unknown Goalie with a rebound.
18:13 of 3rd period - Snap shot by Vasily Podkolzin.
18:13 of 3rd period - Goal by Vasily Podkolzin - Adelaide Pink Elephants : 4 - Sarnia Sailors : 9.
18:14 of 3rd period - Kevin Stenlund wins face-off versus Tristen Robins in neutral zone.
18:20 of 3rd period - Jacob Bernard-Docker beats up Keegan Kolesar.
18:20 of 3rd period - Penalty to Keegan Kolesar for Fighting.
18:20 of 3rd period - Penalty to Jacob Bernard-Docker for Fighting.
18:21 of 3rd period - Kevin Stenlund wins face-off versus Matthew Phillips in Adelaide Pink Elephants zone.
18:38 of 3rd period - Vasily Podkolzin is hit by Robin Salo and loses puck.
19:02 of 3rd period - Snap shot by Samuel Walker.
19:02 of 3rd period - Shot Misses the Net.
19:04 of 3rd period - Slapshot by Samuel Walker.
19:04 of 3rd period - Shot Hit the Post.
19:06 of 3rd period - 10 Minutes Misconduct Penalty to Nick Cicek is over.
19:06 of 3rd period - Wrist shot by Samuel Walker.
19:06 of 3rd period - Stopped by Unknown Goalie with a rebound.
19:08 of 3rd period - Snap shot by Kevin Stenlund.
19:08 of 3rd period - Stopped by Unknown Goalie with a rebound.
19:10 of 3rd period - Slapshot by Jack Rathbone.
19:10 of 3rd period - Stopped by Unknown Goalie with a rebound.
19:12 of 3rd period - Slapshot by Jamie Drysdale.
19:12 of 3rd period - Deflect By Kevin Stenlund.
19:12 of 3rd period - Shot Misses the Net.
19:12 of 3rd period - Puck is out of play.
19:13 of 3rd period - Tristen Nielsen wins face-off versus Adam Gaudette in Adelaide Pink Elephants zone.
19:59 of 3rd period - Snap shot by Samuel Walker.
19:59 of 3rd period - Shot Misses the Net.
Goals for this period are 3 for Adelaide Pink Elephants vs 7 for Sarnia Sailors.
Shots for this period are 14 for Adelaide Pink Elephants vs 27 for Sarnia Sailors.
Back to the Top